 Dungeon Crawl Stone Soup version 0.30.0-29-ga12c61a403 (webtiles) character file.

Game seed: 15753886158094606970

157 safid the Chiller (level 5, -10/40 HPs)
             Began as a Merfolk Ice Elementalist on June 9, 2023.
             Was an Initiate of Vehumet.
             Mangled by Menkaure (20 damage)
             ... on level 4 of the Dungeon.
             The game lasted 00:03:23 (2951 turns).

safid the Chiller (Merfolk Ice Elementalist)        Turns: 2951, Time: 00:03:24

Health: -10/40     AC:  8    Str:  8    XL:     5   Next: 38%
Magic:  4/9        EV: 17    Int: 16    God:    Vehumet [......]
Gold:   134        SH:  5    Dex: 15    Spells: 3/10 levels left

rFire   + . .        w - +2 dagger (venom)
rCold   . . .        (no shield)
rNeg    . . .        a - +0 robe
rPois   .            (no helmet)
rElec   .            (no cloak)
rCorr   .            (no gloves)
SInv    .            (no boots)
Will    .....        f - amulet of reflection
Stlth   ++           d - ring of protection from fire
HPRegen 0.26/turn    i - +5 ring of evasion
MPRegen 0.11/turn

%: reflection
@: ice-armoured
A: (nimble swimmer 2), mertail
a: Renounce Religion


You were on level 4 of the Dungeon.
You worshipped Vehumet.
Vehumet was noncommittal.
You visited 1 branch of the dungeon, and saw 4 of its levels.

You collected 134 gold pieces.

Inventory:

Hand Weapons
 w - a +2 dagger of venom (weapon)
Armour
 a - a +0 robe (worn)
Jewellery
 d - a ring of protection from fire (left hand)
 f - an amulet of reflection (around neck)
 i - a +5 ring of evasion (right hand)
 v - a ring of poison resistance
Scrolls
 g - 2 scrolls of magic mapping {unknown}
 j - 2 scrolls of fog {unknown}
 k - a scroll of fear {unknown}
 l - 2 scrolls of enchant armour {unknown}
 m - a scroll of vulnerability {unknown}
 n - a scroll of noise {unknown}
 o - 2 scrolls of identify {unknown}
 p - a scroll of teleportation {unknown}
 s - a scroll of blinking {unknown}
Potions
 b - a potion of magic
 e - a potion of heal wounds {unknown}
 h - 2 potions of curing {unknown}
 q - a potion of resistance {unknown}
 r - a potion of might {unknown}
 t - a potion of ambrosia {unknown}
 u - a potion of mutation {unknown}


   Skills:
 + Level 2.9 Fighting
 - Level 2.6 Dodging
 - Level 2.1 Stealth
 + Level 3.2 Spellcasting
 + Level 5.4 Ice Magic


You had 3 spell levels left.
You knew the following spells:

 Your Spells              Type           Power      Damage    Failure   Level
a - Freeze                Ice            80%        1d9       1%          1
b - Frozen Ramparts       Ice            40%        1d7       6%          3
c - Ozocubu's Armour      Ice            20%        N/A       6%          3

Your spell library contained the following spells:

 Spells                   Type           Power      Damage    Failure   Level
 Summon Ice Beast         Ice/Summ       11%        N/A       52%         4


Dungeon Overview and Level Annotations

Branches:
Dungeon (4/15)
 Temple: D:4-7

Altars:
Gozag
Hepliaklqana
Makhleb
Trog
Vehumet
Wu Jian
Xom
Yredelemnul

Annotations:
D:4 Menkaure


Innate Abilities, Weirdness & Mutations

((You are very nimble when in or above water. (Stealth+, EV+, Speed+++)))
Your lower body shifts to a powerful aquatic tail in water.


Message History

You hit the hound.
You kill the hound!
Vehumet accepts your kill.
The wall freezes Menkaure but does no damage.
The wall freezes the quokka.
You kill the quokka!
Vehumet accepts your kill.
The wall freezes Menkaure but does no damage.
Menkaure barely misses you.
You barely miss Menkaure.
Menkaure is lightly damaged.
Menkaure resists.
The wall freezes Menkaure.
Menkaure calls on the powers of darkness!
Your body is wracked with pain!
* * * LOW HITPOINT WARNING * * *
You completely miss Menkaure.
Menkaure is lightly damaged.
Menkaure resists.
The wall freezes Menkaure.
Menkaure barely misses you.
Unknown command.
You hit Menkaure.
Menkaure is moderately damaged.
Menkaure resists.
The wall freezes Menkaure.
Menkaure hits you but does no damage.
You hit Menkaure.
Menkaure is moderately damaged.
Menkaure resists.
The wall freezes Menkaure.
Menkaure hits you.
* * * LOW HITPOINT WARNING * * *
You hit Menkaure.
Menkaure is heavily damaged.
The frozen ramparts melt away.
You block Menkaure's attack. Menkaure casts a spell at you.
You barely resist. You hit Menkaure but do no damage.
Menkaure is heavily damaged.
Menkaure hits you but does no damage.
You hit Menkaure.
Menkaure is heavily damaged.
Menkaure hits you!!
Ouch! That really hurt!
You die...

...# ### ...
... #.. #.#
##.. ..###.[#
#.#.).# ##
#.#..#....
######......#
#...@M.........
#.####......##.
#.# #####....
#.# #.##. #.#
... ####### #.#
##
......#######.#
##..#.........#
#....#########


You could see Menkaure (fast).

Vanquished Creatures
  2 hounds
  3 adders
  A gnoll (D:1)
  A worm (D:2)
  2 dart slugs
  An orc (D:3)
  4 ball pythons
  6 endoplasms
  3 giant cockroaches (D:1)
  6 goblins
  4 hobgoblins
  3 jackals (D:1)
  A quokka (D:4)
  5 bats
  2 frilled lizards
  8 kobolds
  6 rats
58 creatures vanquished.

Notes
Turn   | Place    | Note
-------+----------+-------------------------------------------
     0 | D:1      | safid the Merfolk Ice Elementalist began the quest for the
                  | Orb.
     0 | D:1      | Reached XP level 1. HP: 13/13 MP: 3/3
    79 | D:1      | Reached skill level 1 in Fighting
    79 | D:1      | Reached XP level 2. HP: 9/21 MP: 3/5
   294 | D:1      | Found a faded altar of an unknown god.
   442 | D:1      | Reached XP level 3. HP: 26/26 MP: 6/6
   891 | D:2      | Learned a level 3 spell: Frozen Ramparts
   932 | D:2      | Learned a level 3 spell: Ozocubu's Armour
  1096 | D:2      | Reached skill level 5 in Ice Magic
  1215 | D:2      | Reached XP level 4. HP: 33/33 MP: 8/8
  1901 | D:3      | Found a basalt altar of Yredelemnul.
  2074 | D:3      | Found a bloodstained altar of Trog.
  2075 | D:3      | Found a hazy altar of Hepliaklqana.
  2082 | D:3      | Found a radiant altar of Vehumet.
  2087 | D:3      | Found a burning altar of Makhleb.
  2088 | D:3      | Found an opulent altar of Gozag.
  2092 | D:3      | Became a worshipper of Vehumet
  2094 | D:3      | Found a shimmering altar of Xom.
  2097 | D:3      | Found an ornate altar of the Wu Jian Council.
  2413 | D:3      | Reached XP level 5. HP: 33/39 MP: 4/9
  2933 | D:4      | Noticed Menkaure
  2951 | D:4      | Mangled by Menkaure

Illustrated notes

Levels and vault maps discovered:
D:1:      dpeg_arrival_fog, layout_loops_ring, basic_ecumenical_altar,
          amcnicky_mini_rare_corridor_liquid, minmay_misc_feat_more_columns,
          corexii_hall_statues_t
D:2:      layout_basic, nicolae_titane
D:3:      layout_loops_cross, nicolae_overflow_hallway_of_the_gods,
          nicolae_overflow_crystal_walls, nicolae_eternal_life,
          kennysheep_donut, chequers_garden
D:4:      layout_loops_ring, overflow_temple_1_default, uniq_menkaure

Skill      XL: |  1  2  3  4 |
---------------+-------------+-----
Fighting       | 1 2 |  2.9
Ice Magic      | 5 |  5.4
Spellcasting   | 3 |  3.2
Dodging        | |  2.6
Stealth        | |  2.1

Action                     |  1- 3 |  4- 6 || total
---------------------------+-------+-------++-------
  Melee: Mace              |    56 |    33 ||    89
         Punch             |     1 |       ||     1
         Dagger            |       |    13 ||    13
   Cast: Freeze            |    15 |    19 ||    34
         Frozen Ramparts   |       |     2 ||     2
         Ozocubu's Armour  |       |     1 ||     1
   Stab: Sleeping          |     7 |     4 ||    11
 Armour: Robe              |    23 |    13 ||    36
  Dodge: Dodged            |    40 |    47 ||    87
  Block: Other             |     4 |    17 ||    21
